Map: Hecate LE

Players

define - Winner!

  • Race: Protoss Protoss
  • League: Silver
  • Spawn Location: 7:00

OskarRosz

  • Race: Protoss Protoss
  • Spawn Location: 1:00

VOD

Have the link to the VOD?

Description

Comments are welcome.

Time

  • Played on: Dec. 2, 2023, 9:50 p.m.
  • Length: 8:46
Show
View Real Time Build Order
Export as new Build Order

define Protoss - Winner!

Build Orders: 1 Gate Expand, Archon Immortal 

Get SALT Encoding   

  12  0:01  Probe  
  13  0:14  Pylon  
  13  0:19  Probe  
  14  0:31  Probe  
  15  0:39  Gateway  
  15  0:43  Probe  
  16  0:50  Assimilator  
  16  0:55  Probe  
  17  1:07  Probe  
  18  1:19  Probe  
  19  1:26  Nexus  
  19  1:36  Cybernetics Core  
  19  1:40  Probe  
  20  1:51  Pylon  
  20  1:52  Probe  
  21  2:00  Assimilator  
  21  2:04  Probe  
  22  2:16  Probe  
  22  2:22  Zealot  
  25  2:37  Robotics Facility  
  25  2:41  Probe (Chrono Boost)  
  25  2:43  Probe (Chrono Boost)  
  29  2:52  Probe (Chrono Boost)  
  29  2:53  Pylon, Probe (Chrono Boost)  
  29  2:56  Warp Gate (Chrono Boost)  
  29  2:58  Probe x2 (Chrono Boost)  
  30  3:04  Stalker  
  33  3:07  Probe x2  
  35  3:19  Probe  
  37  3:20  Probe  
  37  3:31  Probe  
  37  3:32  Probe  
  40  3:34  Observer, Stalker  
  42  3:50  Pylon  
  42  3:53  Pylon  
  42  3:54  Probe x2  
  42  3:55  Gateway, Immortal  
  48  3:57  Gateway  
  48  4:04  Twilight Council, Stalker  
  48  4:06  Probe x2  
  52  4:10  Pylon  
  52  4:16  Pylon  
  52  4:19  Probe x2  
  54  4:31  Probe  
  54  4:32  Probe  
  54  4:36  Assimilator  
  56  4:39  Assimilator  
  56  4:40  Pylon  
  56  4:43  Immortal  
  56  4:44  Pylon  
  60  4:58  Templar Archives  
  60  5:02  Forge  
  60  5:04  Charge (Chrono Boost)  
  60  5:11  Gateway  
  60  5:13  Gateway  
  60  5:15  Gateway  
  60  5:17  Pylon  
  60  5:18  Probe x2  
  62  5:36  Zealot  
  62  5:37  Zealot x2  
  62  5:42  Immortal (Chrono Boost)  
  72  5:57  Gateway x2  
  72  5:59  Gateway  
  72  6:02  Gateway  
  72  6:03  Zealot x2  
  72  6:04  Gateway  
  76  6:17  Warp Prism (Chrono Boost), Protoss Ground Weapons Level 1 (Chrono Boost)  
  78  6:29  Stalker x3  
  84  7:10  Immortal  
  88  7:22  High Templar x5  
  98  7:34  Pylon  
  98  7:35  Pylon  
  98  7:36  Zealot x6  
  110  7:37  Pylon  
  110  7:39  Archon x2  
  110  7:41  Pylon  
  110  7:43  Pylon  
  104  8:03  Zealot x4  
  104  8:04  Zealot x7  
  107  8:25  Zealot x8  
  105  8:39  Pylon  
  105  8:42  Pylon  
  105  8:44  Pylon  
Show
View Real Time Build Order
Export as new Build Order

OskarRosz Protoss 

Build Orders:  

Get SALT Encoding   

  12  0:01  Probe (Chrono Boost)  
  13  0:11  Probe (Chrono Boost)  
  14  0:22  Probe  
  14  0:24  Pylon  
  15  0:33  Pylon  
  15  0:50  Gateway  
  15  0:54  Probe  
  16  0:57  Assimilator  
  16  1:07  Probe  
  17  1:12  Forge  
  17  1:19  Probe  
  18  1:27  Gateway  
  18  1:31  Probe  
  19  1:45  Assimilator  
  19  1:57  Photon Cannon, Probe  
  20  2:10  Cybernetics Core  
  20  2:11  Zealot  
  20  2:15  Zealot  
  24  2:23  Pylon  
  24  2:28  Probe  
  25  2:42  Warp Gate (Chrono Boost)  
  25  2:52  Nexus  
  25  2:59  Probe  
  25  3:05  Stalker  
  28  3:09  Stalker  
  30  3:20  Probe  
  30  3:21  Photon Cannon  
  31  3:35  Gateway, Probe  
  32  3:47  Probe  
  33  3:52  Gateway  
  33  3:59  Photon Cannon  
  34  4:05  Probe x2 (Chrono Boost)  
  35  4:13  Probe (Chrono Boost)  
  35  4:16  Stalker  
  38  4:17  Sentry  
  40  4:27  Pylon  
  40  4:32  Probe (Chrono Boost)  
  40  4:33  Robotics Facility  
  41  4:42  Probe (Chrono Boost)  
  42  4:46  Pylon  
  42  4:54  Gateway  
  42  5:05  Photon Cannon  
  42  5:08  Probe  
  42  5:09  Photon Cannon  
  42  5:10  Probe  
  44  5:15  Assimilator  
  44  5:16  Stalker  
  44  5:19  Stalker  
  49  5:31  Probe (Chrono Boost)  
  49  5:32  Protoss Ground Weapons Level 1, Probe (Chrono Boost)  
  50  5:39  Probe (Chrono Boost)  
  51  5:43  Twilight Council  
  51  5:44  Probe  
  51  5:45  Probe  
  53  5:53  Pylon  
  53  5:57  Stalker, Probe  
  53  5:58  Stalker  
  53  6:00  Zealot  
  60  6:05  Observer (Chrono Boost)  
  61  6:19  Photon Cannon  
  61  6:21  Observer (Chrono Boost)  
  61  6:24  Gateway  
  62  6:28  Blink (Chrono Boost), Photon Cannon  
  62  6:31  Pylon  
  62  6:38  Observer, Stalker x2  
  62  6:39  Stalker  
  69  6:46  Probe (Chrono Boost)  
  70  6:48  Pylon  
  70  6:55  Probe (Chrono Boost)  
  71  7:07  Probe  
  72  7:09  Pylon  
  72  7:12  Assimilator, Pylon  
  72  7:14  Photon Cannon  
  72  7:17  Photon Cannon  
  72  7:19  Probe  
  72  7:22  Immortal  
  77  7:54  Stalker x3  
  77  7:55  Stalker  
  60  8:21  Stalker x2  
  60  8:22  Stalker x2  
  60  8:23  Stalker  
  54  8:34  Photon Cannon  
Tags
 
Composition
Archon Immortal
League
Silver
Matchup
PvP
Spawn Locations
Cross Positions
Add a new tag
Caveats
  • Supply blocks, unpowered buildings, or Contaminate may cause inaccurate times.
  • Supply counts are checked every 10 seconds.